 Dungeon Crawl Stone Soup version 0.16.2-12-gd0ad4c3 (webtiles) character file.

135 Peloso the Covered (level 4, 0/40 HPs)
             Began as a Minotaur Fighter on Sept 25, 2015.
             Slain by an adder (3 damage)
             ... summoned by a shadow trap
             ... triggered by a hound zombie
             ... on level 4 of the Dungeon.
             The game lasted 00:06:30 (1833 turns).

Peloso the Covered (Minotaur Fighter)               Turns: 1833, Time: 00:06:33

Health: 0/40       AC:  7    Str: 19    XL:     4   Next: 97%
Magic:  2/2        EV:  8    Int:  5    God:
Gold:   114        SH:  9    Dex: 10    Spells: 0 memorised, 3 levels left

rFire  + . .     SeeInvis .     a - +0 long sword
rCold  x . .     Rnd*Rage +     b - +0 scale mail
rNeg   . . .     SustAb   .     c - +0 shield
rPois  .         Gourm    .     (helmet restricted)
rElec  +         Spirit   .     (no cloak)
rCorr  +         Warding  .     (no gloves)
rMut   .         Stasis   .     (no boots)
MR     .....                    q - amulet of resist corrosion
Stlth  ..........               p - ring of fire
                                m - -2 ring of strength (curse)

@: very slightly contaminated, hasted, very quick, not resistant to hostile
enchantments, extremely unstealthy
A: retaliatory headbutt, horns 2, talons 1, berserk 1, electricity resistance
a: no special abilities


You were on level 4 of the Dungeon.
You were very hungry.

You visited 1 branch of the dungeon, and saw 5 of its levels.

You collected 114 gold pieces.

Inventory:

Hand weapons
 a - a +0 long sword (weapon)
Armour
 b - a +0 scale mail (worn)
 c - a +0 shield (worn)
Jewellery
 m - a cursed -2 ring of strength (left hand)
 o - an uncursed ring of protection from cold
 p - a ring of fire (right hand)
 q - an amulet of resist corrosion (around neck)
Scrolls
 g - 2 scrolls of teleportation {unknown}
 i - a scroll of magic mapping {unknown}
 k - 5 scrolls of identify {unknown}
 r - a scroll of immolation {unknown}
 t - 3 scrolls of remove curse {unknown}
 v - a scroll of blinking {unknown}
Potions
 h - a potion of mutation
 s - a potion of resistance {unknown}
Comestibles
 d - 3 bread rations
 l - a meat ration
 u - a fruit


   Skills:
 + Level 4.3 Fighting
 + Level 3.1 Long Blades
 + Level 5.1 Armour
 + Level 1.6 Dodging
 + Level 0.3 Stealth
 + Level 4.2 Shields


You had 3 spell levels left.
You didn't know any spells.

Dungeon Overview and Level Annotations

Branches:
Dungeon (5/15)
 Temple: D:4-7

Altars:

Annotations:
D:4 Eustachio
D:5 boajuse's ghost, experienced HuFi


Innate Abilities, Weirdness & Mutations

You reflexively headbutt those who attack you in melee.
You have a pair of horns on your head.
You have sharp toenails.
You tend to lose your temper in combat.
You are resistant to electric shocks.


Message History

* * * LOW HITPOINT WARNING * * *
The adder bites you but does no damage.
Drink which item? (? for menu, Esc to quit)
It was a potion of haste.
You feel yourself speed up.
You are feeling very hungry.
You block the bat's attack. The hound zombie bites you.
* * * LOW HITPOINT WARNING * * *
The goblin hits the withered plant but does no damage.
The jackal zombie bites you.
* * * LOW HITPOINT WARNING * * *
You block the hobgoblin's attack. The adder barely misses you.
You are very lightly contaminated with residual magic.
Drink which item? (? for menu, Esc to quit)
It was a potion of restore abilities.
You feel refreshed. The bat closely misses you.
Eustachio mumbles some strange words.
The hound zombie barely misses you. You furiously retaliate!
You headbutt the hound zombie. You block the jackal zombie's attack.
The adder bites you.
You die...

#############
#####.............
#..Pbr.........=..#
#..S@Z............#
#..PgZ.o..br......+
#..gPZ............#..
#.........@.......##.
##+######.....##+#...
#.....#..#...
#.....'Z.#...
#.....#..+...
#.....#o.#...


You could see Eustachio, an adder, an orc, an adder zombie, a jackal zombie, a
hound zombie, a hobgoblin, a goblin, 2 bats and 2 rats.

Vanquished Creatures
  A jelly (D:5)
  A hound (D:5)
  A worker ant (D:3)
  An adder (D:2)
  A worm (D:5)
  An adder zombie (D:5)
  A bat (D:4)
  A giant cockroach (D:4)
  4 goblins
  7 hobgoblins
  3 jackals (D:1)
  6 kobolds
  A quokka (D:2)
  A ball python (D:5)
  A giant newt (D:1)
  4 rats
35 creatures vanquished.

Notes
Turn   | Place    | Note
--------------------------------------------------------------
     0 | D:1      | Peloso, the Minotaur Fighter, began the quest for the Orb.
     0 | D:1      | Reached XP level 1. HP: 19/19 MP: 1/1
   158 | D:1      | Reached XP level 2. HP: 21/27 MP: 1/1
   302 | D:1      | Reached skill level 4 in Armour
   841 | D:2      | Reached XP level 3. HP: 18/33 MP: 2/2
  1484 | D:3      | You fall through a shaft for 2 floors!
  1484 | D:5      | Entered Level 5 of the Dungeon
  1500 | D:5      | Reached skill level 1 in Dodging
  1500 | D:5      | Reached XP level 4. HP: 32/40 MP: 2/2
  1535 | D:5      | Reached skill level 5 in Armour
  1689 | D:5      | Noticed boajuse's ghost (experienced HuFi)
  1698 | D:5      | HP: 2/40 [boajuse's ghost (2)]
  1784 | D:4      | Noticed Eustachio
  1831 | D:4      | Gained mutation: You have sharp toenails. [potion of mutation]
  1831 | D:4      | Gained mutation: You tend to lose your temper in combat. [potion of mutation]
  1831 | D:4      | Gained mutation: You are resistant to electric shocks. [potion of mutation]
  1833 | D:4      | Slain by an adder

Action                   |  1- 3 |  4- 6 || total
-------------------------+-------+-------++-------
Melee: Long sword        |    75 |    35 ||   110
  Use: Potion            |       |     4 ||     4
  Eat: Chunk             |       |     2 ||     2
